 Dungeon Crawl Stone Soup version 0.29-a0-886-gfb1a3fa8b1 (webtiles) character file.

Game seed: 9525038518404667728

2271 Conn the Cudgeller (level 9, -7/55 HPs)
             Began as a Gargoyle Fighter on July 21, 2022.
             Was an Initiate of Trog.
             Killed from afar by Maggie (23 damage)
             ... with a bolt of fire
             ... on level 7 of the Dungeon.
             The game lasted 00:21:30 (6415 turns).

Conn the Cudgeller (Gargoyle Fighter)               Turns: 6415, Time: 00:21:31

Health: -7/55      AC: 21    Str: 21    XL:     9   Next: 38%
Magic:  9/9        EV: 13    Int: 10    God:    Trog [......]
Gold:   289        SH: 11    Dex: 11    Spells: 8/8 levels left

rFire   . . .      SeeInvis .   A - +5 morningstar (venom)
rCold   . . .      Faith    .   g - +2 kite shield {rPois}
rNeg    + . .      Spirit   .   b - +0 scale mail
rPois   ∞          Reflect  .   t - +2 helmet
rElec   +          Harm     .   h - +0 cloak {Will+}
rCorr   +          Rampage  .   y - +1 pair of gloves
Will    +....                   (no boots)
Stlth   ..........              (no amulet)
HPRegen 0.18/turn               s - ring of resist corrosion
MPRegen 0.11/turn               i - +4 ring of evasion

@: no status effects
A: sickness immunity, AC +6, negative energy resistance 1, electricity
resistance, torment resistance 1, petrification resistance, MP-powered wands,
noise suppression
a: Renounce Religion


You were on level 7 of the Dungeon.
You worshipped Trog.
Trog was noncommittal.
You visited 2 branches of the dungeon, and saw 8 of its levels.

You collected 289 gold pieces.

Inventory:

Hand Weapons
 a - a +0 flail
 d - a +4 quarterstaff of chaos
 A - a +5 morningstar of venom (weapon)
Missiles
 k - 35 stones (quivered)
 u - 3 javelins
Armour
 b - a +0 scale mail (worn)
 c - a +0 buckler
 g - a +2 kite shield of poison resistance (worn)
 h - a +0 cloak of willpower (worn)
 t - a +2 helmet (worn)
 y - a +1 pair of gloves (worn)
Jewellery
 i - a +4 ring of evasion (right hand)
 s - a ring of resist corrosion (left hand)
Wands
 q - a wand of charming (2)
Scrolls
 e - 2 scrolls of magic mapping
 r - a scroll of amnesia
 z - 2 scrolls of fear
Potions
 f - 2 potions of lignification
 l - a potion of magic
 m - 2 potions of attraction
 o - a potion of ambrosia
 p - 2 potions of haste
 v - a potion of heal wounds
 w - 2 potions of curing


   Skills:
 * Level 6.2 Fighting
 + Level 7.0(7.3) Maces & Flails
 + Level 2.8(5.2) Staves
 + Level 0.3 Throwing
 * Level 6.9 Armour
 + Level 2.1 Dodging
 + Level 1.6 Stealth
 * Level 6.5 Shields
 + Level 0.3 Evocations


You had 8 spell levels left.
You didn't know any spells.
Your spell library contained the following spells:

 Spells                   Type           Power      Damage    Failure   Level
 Sting                    Tmut/Pois      0%         1d3       94%         1
 Poisonous Vapours        Pois/Air       0%         N/A       98%         2
 Inner Flame              Hex/Fire       0%         N/A       100%        3
 Cause Fear               Hex            0%         N/A       100%        4
 Olgreb's Toxic Radiance  Pois           0%         N/A       100%        4
 Discord                  Hex            0%         N/A       100%        8


Dungeon Overview and Level Annotations

Branches:
Dungeon (7/15)             Temple (1/1) D:6

Altars:
Ashenzari
Cheibriados
Fedhas
Gozag
Nemelex Xobeh
Okawaru
Sif Muna
Trog
Uskayaw
Wu Jian
Xom
Yredelemnul
The Shining One

Shops:
D:7 =

Annotations:
D:7 Maggie


Innate Abilities, Weirdness & Mutations

You are immune to sickness and miasma.
Your stone body is resilient. (AC +6)
You are immune to poison.
You resist negative energy. (rN+)
You are resistant to electric shocks. (rElec)
You are resistant to unholy torment.
You are immune to petrification.
You expend magic power (3 MP) to strengthen your wands.
You passively dampen the noise of your surroundings.


Message History

You hit Maggie.
Maggie is lightly wounded.
Maggie hits you but does no damage.
You hit Maggie.
Maggie is moderately wounded.
Maggie closely misses you.
Maggie shouts, "Leave me alone!"
Maggie casts a spell.
Maggie attempts to bespell you! You resist with almost no effort.
You hit Maggie.
Maggie is moderately wounded.
Maggie closely misses you.
You barely miss Maggie.
Maggie is moderately wounded.
Maggie hits you with a +1 halberd of draining.
You hit Maggie.
Maggie is heavily wounded.
You block Maggie's attack. Maggie hits you but does no damage.
You hit Maggie but do no damage.
Maggie looks even sicker.
Maggie is heavily wounded.
You block Maggie's attack.
You barely miss Maggie.
Maggie is heavily wounded.
Maggie casts a spell at you. The bolt of fire misses you.
You puncture Maggie!
Maggie looks as sick as possible!
Maggie is severely wounded.
Maggie closely misses you.
You closely miss Maggie.
Maggie is severely wounded.
Maggie hits you with a +1 halberd of draining!
Maggie points at you and mumbles some strange words.
The bolt of fire hits you!
* * * LOW HITPOINT WARNING * * *
Okay, then.
You barely miss Maggie.
Maggie is severely wounded.
Maggie gestures at you while chanting. The bolt of fire hits you!!
You die...

.# #.....#.# ##.#####
.###.[.....# #......#
.........### #..###.# ######.###
#..###.# #.# #......# ### ##
##'## #.###..# #..∩. ##...##
#.###..# #.#.# ##.)...##
#.@....# #.#.# ##(......##
##@##.## #...###.#
##.........####...#.####........
.'.........'....................
##.........####......###.###....
##.......## ##.##.## #.# .
##.....##########.# #.#
##.........# #.# #.# #..######.#
#.# #.# #..# #.# #.# #..


You could see Maggie (extremely poisoned).

Vanquished Creatures
  Eustachio (D:5)
  A water moccasin (D:6)
  An orc warrior (D:4)
  A black bear (D:6)
  An ice beast (D:6)
  A sky beast (D:7)
  A kobold brigand (D:6)
  2 necrophages
  A bullfrog (D:7)
  7 scorpions
  7 wights
  4 hounds
  2 jellies (D:3)
  Ijyb (D:5)
  Crazy Yiuf (D:2)
  2 orc wizards
  Robin (D:2)
  10 adders
  An ufetubus (D:4)
  A worm (D:2)
  5 dart slugs
  8 orcs
  11 endoplasms
  6 giant cockroaches
  20 goblins
  10 hobgoblins
  5 iguanas
  4 quokkas
  5 ball pythons
  13 bats
  3 frilled lizards
  10 kobolds
  9 rats
156 creatures vanquished.

Vanquished Creatures (collateral kills)
  An orc priest (D:6)
  3 orcs (D:6)
4 creatures vanquished.

Vanquished Creatures (others)
  An orc warrior (D:6)
  A wight (D:6)
  A hobgoblin (D:4)
  7 plants
10 creatures vanquished.

Grand Total: 170 creatures vanquished

Notes
Turn   | Place    | Note
-------+----------+-------------------------------------------
     0 | D:1      | Conn the Gargoyle Fighter began the quest for the Orb.
     0 | D:1      | Reached XP level 1. HP: 14/14 MP: 1/1
   111 | D:1      | Reached XP level 2. HP: 17/19 MP: 2/2
   539 | D:1      | Reached XP level 3. HP: 23/23 MP: 3/3
  1258 | D:2      | Found a faded altar of an unknown god.
  1435 | D:2      | Noticed Robin
  1444 | D:2      | Killed Robin
  1445 | D:2      | Reached XP level 4. HP: 21/28 MP: 4/4
  1837 | D:2      | Reached skill level 3 in Maces & Flails
  2002 | D:2      | Found a runed translucent door.
  2003 | D:2      | Noticed Crazy Yiuf
  2034 | D:2      | Killed Crazy Yiuf
  2035 | D:2      | Reached XP level 5. HP: 32/33 MP: 5/5
  2688 | D:3      | Found an opulent altar of Gozag.
  2688 | D:3      | Found an ornate altar of the Wu Jian Council.
  2721 | D:3      | Found a hide-covered altar of Uskayaw.
  3133 | D:3      | Found a shimmering altar of Xom.
  3215 | D:3      | Reached skill level 1 in Dodging
  3404 | D:4      | Reached XP level 6. HP: 38/38 MP: 6/6
  3414 | D:4      | Reached skill level 4 in Maces & Flails
  3437 | D:4      | Reached skill level 1 in Staves
  3453 | D:4      | Reached skill level 5 in Armour
  3453 | D:4      | Reached XP level 7. HP: 40/44 MP: 7/7
  3750 | D:4      | Reached skill level 1 in Stealth
  4166 | D:5      | Entered Level 5 of the Dungeon
  4196 | D:5      | Reached skill level 5 in Maces & Flails
  4283 | D:5      | Reached skill level 5 in Fighting
  4283 | D:5      | Reached XP level 8. HP: 46/49 MP: 8/8
  4478 | D:5      | Noticed a vampire
  4518 | D:5      | Noticed Ijyb
  4525 | D:5      | Killed Ijyb
  4561 | D:5      | Noticed Eustachio
  4573 | D:5      | Killed Eustachio
  4576 | D:5      | Found a broken altar of Ashenzari.
  4930 | D:6      | Reached skill level 5 in Shields
  4977 | D:6      | Gained mutation: Your magical capacity is low. (-10% MP)
                  | [potion of mutation]
  4977 | D:6      | Gained mutation: You are agile. (Dex +4, Str/Int -1)
                  | [potion of mutation]
  4978 | D:6      | Lost mutation: Your magical capacity is low. (-10% MP)
                  | [potion of mutation]
  4978 | D:6      | Lost mutation: You are agile. (Dex +4, Str/Int -1) [potion
                  | of mutation]
  4978 | D:6      | Gained mutation: Your large and strong wings let you fly.
                  | [potion of mutation]
  4978 | D:6      | Gained mutation: You occasionally lose the ability to drink
                  | potions when taking damage. [potion of mutation]
  4979 | D:6      | Lost mutation: You occasionally lose the ability to drink
                  | potions when taking damage. [potion of mutation]
  4979 | D:6      | Lost mutation: Your large and strong wings let you fly.
                  | [potion of mutation]
  4979 | D:6      | Gained mutation: You expend magic power (3 MP) to
                  | strengthen your wands. [potion of mutation]
  4979 | D:6      | Gained mutation: You passively dampen the noise of your
                  | surroundings. [potion of mutation]
  5020 | D:6      | Found a sparkling altar of Nemelex Xobeh.
  5095 | D:6      | Reached skill level 6 in Maces & Flails
  5311 | D:6      | Reached XP level 9. HP: 55/55 MP: 9/9
  5434 | D:6      | Found a staircase to the Ecumenical Temple.
  5443 | Temple   | Entered the Ecumenical Temple
  5495 | Temple   | Became a worshipper of Trog the Wrathful
  6061 | D:7      | Reached skill level 7 in Maces & Flails
  6225 | D:7      | Found Doydevef's Jewellery Shoppe.
  6225 | D:7      | Noticed Maggie
  6415 | D:7      | Killed from afar by Maggie

Illustrated notes

Levels and vault maps discovered:
D:1:      heliophobic_arrival_enchanted_forest, layout_basic,
          hangedman_abyss_or_decor_stabs
D:2:      layout_basic, dreamdust_ecumenical_altar_statues, minmay_between,
          uniq_robin, uniq_crazy_yiuf_cottage
D:3:      layout_loops_ring, nicolae_uskayaw_suspiria, dk_xom_monty_hall,
          chequers_temple_overflow_statue_of_worship, grunt_ministairs_11,
          dreamdust_princess_bridge
D:4:      cheibrodos_barr_body, layout_rooms
D:5:      layout_loops_ring, ashenzari_conservatory_becter, serial_bayou,
          serial_bayou_pond_e, serial_bayou_lagoon_a, serial_bayou_shore_a,
          serial_bayou_crossing, uniq_ijyb, uniq_eustachio
D:6:      nicolae_cairo_tiling, layout_loops_ring,
          mainiacjoe_overflow_cross_hatched
D:7:      layout_loops_corners, serial_shops, nicolae_shop_crystal,
          nicolae_inconvenience_store, uniq_maggie
Temple:   oiseaux_autumnal_temple

Skill      XL: |  1  2  3  4  5  6  7  8  9 |
---------------+----------------------------+-----
Armour         | 4 5 6 |  6.9
Maces & Flails | 3 4 5 6 7 |  7.0
Fighting       | 4 5 6 |  6.2
Dodging        | 1 2 |  2.1
Shields        | 4 6 |  6.5
Staves         | 1 2 |  2.8
Stealth        | 1 |  1.6
Throwing       | |  0.3
Evocations     | |  0.3

Action                   |  1- 3 |  4- 6 |  7- 9 || total
-------------------------+-------+-------+-------++-------
Melee: Flail             |   125 |   135 |       ||   260
       Quarterstaff      |       |    41 |    13 ||    54
       Morningstar       |       |       |   168 ||   168
Throw: Javelin           |     2 |       |     3 ||     5
       Throwing net      |     1 |       |       ||     1
       Stone             |       |       |     1 ||     1
Evoke: Wand              |       |       |     8 ||     8
  Use: Potion            |     1 |     5 |     7 ||    13
       Scroll            |       |       |    20 ||    20
 Stab: Confused          |       |     1 |       ||     1
       Invisible         |       |       |     2 ||     2
Armor: Scale mail        |    81 |   116 |    87 ||   284
       Skin              |       |       |     9 ||     9
Dodge: Dodged            |    63 |   107 |    89 ||   259
Block: Buckler           |    30 |    41 |       ||    71
       Kite shield       |       |       |   100 ||   100

Table legend: (Time is in decaauts)
 A = Elapsed time spent in this place.
 B = Non-inter-level travel time spent in this place.
 C = Inter-level travel time spent in this place.
 D = Time resting spent in this place.
 E = Time spent auto-exploring this place.
 F = Levels seen in this place.
 G = Mean time per level.
                   A        B        C        D        E       F      G
               +--------+--------+--------+--------+--------+-----+--------+
         Total |   6575 |   6406 |    169 |    116 |   4107 |   8 |  821.9 |
       Dungeon |   6504 |   6335 |    169 |    116 |   4107 |   7 |  929.1 |
        Temple |     70 |     70 |      0 |      0 |      0 |   1 |   70.0 |
               +--------+--------+--------+--------+--------+-----+--------+

Top non-repeatable levels by time:
     D:2: 1707 daAuts
     D:6: 1030 daAuts
     D:1: 944 daAuts
     D:4: 812 daAuts
     D:5: 796 daAuts
     D:3: 777 daAuts
     D:7: 435 daAuts
  Temple: 70 daAuts
